SAA
LANNISTER UNITED LIONHEARTS @ LONG ISLAND SEAWOLVES
08/08/2034
 
TOP OF THE 1ST
Lannister United Lionhearts batting - Pitching for Long Island Seawolves : RHP Ramón Galván
Pitching: RHP Ramón Galván
Batting: RHB Dejmi Dumervil 0-0: Foul Ball, location: 2F
0-1: Ball
1-1: Ground out 5-3 (Groundball, 56S)
Batting: SHB Gerrie Bond 0-0: Ball
1-0: Ball
2-0: Foul Ball, location: 2F
2-1: Ball
3-1: Fly out, F9 (Flyball, 9D)
Batting: LHB Dave Watts 0-0: Called Strike
0-1: Ball
1-1: Called Strike
1-2: Foul Ball, location: 2F
1-2: Ball
2-2: Foul Ball, location: 2F
2-2: Ground out 5-3 (Groundball, 56)
Top of the 1st over - 0 runs, 0 hits, 0 errors, 0 left on base; Lannister United 0 - Long Island 0
BOTTOM OF THE 1ST
Long Island Seawolves batting - Pitching for Lannister United Lionhearts : RHP Valentin Calhamar
Pitching: RHP Valentin Calhamar
Batting: SHB Cheong-hun Kang 0-0: Fly out, F5 (Line Drive, 56)
Batting: RHB Taua Naituyaga 0-0: Swinging Strike
0-1: Ball
1-1: Foul Ball, location: 2F
1-2: Ground out U3 (Groundball, 34)
Batting: RHB John Shultz 0-0: Swinging Strike
0-1: Ground out 4-3 (Groundball, 34)
Bottom of the 1st over - 0 runs, 0 hits, 0 errors, 0 left on base; Lannister United 0 - Long Island 0
TOP OF THE 2ND
Lannister United Lionhearts batting - Pitching for Long Island Seawolves : RHP Ramón Galván
Batting: RHB Mitsuhide Bando 0-0: Ball
1-0: Called Strike
1-1: SINGLE (Line Drive, 6M)
Batting: LHB Michael Witt 0-0: Called Strike
0-1: Ball
1-1: Swinging Strike
1-2: Strikes out looking
Batting: RHB Mareka Naidoo 0-0: Ball
1-0: Called Strike
1-1: Ball
2-1: Foul Ball, location: 2F
2-2: Fly out, F3 (Popup, 23F)
Batting: RHB Gonzalo Vásquez 0-0: Ball
1-0: Fly out, F8 (Line Drive, 8LD)
Top of the 2nd over - 0 runs, 1 hit, 0 errors, 1 left on base; Lannister United 0 - Long Island 0
BOTTOM OF THE 2ND
Long Island Seawolves batting - Pitching for Lannister United Lionhearts : RHP Valentin Calhamar
Batting: RHB John Mayasich 0-0: Called Strike
0-1: Ball
1-1: Ball
2-1: Fly out, F7 (Flyball, 78M)
Batting: SHB Alexei Ponikarov 0-0: Called Strike
0-1: Ball
1-1: Fly out, F4 (Popup, 4D)
Batting: LHB Andrés Rodríguez 0-0: Called Strike
0-1: Ball
1-1: Ball
2-1: Ball
3-1: Base on Balls
Batting: RHB Wes O'Mulhill 0-0: Called Strike
0-1: Foul Ball, location: 2F
0-2: Foul Ball, location: 2F
0-2: Foul Ball, location: 2F
0-2: Foul Ball, location: 2F
0-2: Fly out, F3 (Popup, 34S)
Bottom of the 2nd over - 0 runs, 0 hits, 0 errors, 1 left on base; Lannister United 0 - Long Island 0
TOP OF THE 3RD
Lannister United Lionhearts batting - Pitching for Long Island Seawolves : RHP Ramón Galván
Batting: SHB Miklos Elias 0-0: Foul Ball, location: 2F
0-1: Ball
1-1: Ball
2-1: DOUBLE (Line Drive, 89M)
Batting: RHB Víctor Murguia 0-0: Called Strike
0-1: Foul Ball, location: 2F
0-2: SINGLE (Groundball, 56D)
Miklos Elias to third
Runner from 3rd tries for Home, SAFE, throw made home
Batting: RHB Dejmi Dumervil 0-0: Ball
1-0: Foul Ball, location: 2F
1-1: Ball
2-1: Swinging Strike
2-2: Foul Ball, location: 2F
2-2: Ball
3-2: Base on Balls
Víctor Murguia to second
Batting: SHB Gerrie Bond 0-0: Fly out, F7 (Flyball, 7LM)
Batting: LHB Dave Watts 0-0: Ball
1-0: Swinging Strike
1-1: Ball
2-1: SINGLE (Groundball, 3D)
Víctor Murguia to third
Dejmi Dumervil to second
Runner from 3rd tries for Home, SAFE, no throw
Batting: RHB Mitsuhide Bando 0-0: Fly out, F1 (Line Drive, 15)
Batting: LHB Michael Witt 0-0: DOUBLE (Groundball, 3L)
Dejmi Dumervil scores
Dave Watts to third
Runner from 3rd tries for Home, SAFE, no throw
Batting: RHB Mareka Naidoo 0-0: Called Strike
0-1: Ball
1-1: Called Strike
1-2: Strikes out swinging
Top of the 3rd over - 4 runs, 4 hits, 0 errors, 1 left on base; Lannister United 4 - Long Island 0
BOTTOM OF THE 3RD
Long Island Seawolves batting - Pitching for Lannister United Lionhearts : RHP Valentin Calhamar
Batting: RHB Shigeaki Samurakami 0-0: Foul Ball, location: 2F
0-1: Called Strike
0-2: Ground out 4-3 (Groundball, 4)
Batting: LHB Rurik Elhov 0-0: Called Strike
0-1: Ball
1-1: Ball
2-1: Ball
3-1: Swinging Strike
3-2: Foul Ball, location: 2F
3-2: Ground out U3 (Groundball, 3)
Batting: SHB Cheong-hun Kang 0-0: Called Strike
0-1: Foul Ball, location: 2F
0-2: Ball
1-2: Ball
2-2: Ground out 5-3 (Groundball, 56S)
Bottom of the 3rd over - 0 runs, 0 hits, 0 errors, 0 left on base; Lannister United 4 - Long Island 0
TOP OF THE 4TH
Lannister United Lionhearts batting - Pitching for Long Island Seawolves : RHP Ramón Galván
Batting: RHB Gonzalo Vásquez 0-0: Ball
1-0: Swinging Strike
1-1: Ground out 5-3 (Groundball, 56)
Batting: SHB Miklos Elias 0-0: Called Strike
0-1: Swinging Strike
0-2: Fly out, F8 (Line Drive, 8LM)
Batting: RHB Víctor Murguia 0-0: Ball
1-0: Ball
2-0: Ball
3-0: Called Strike
3-1: SINGLE (Groundball, 56D)
Batting: RHB Dejmi Dumervil 0-0: Called Strike
0-1: Ball
Wild Pitch!
Víctor Murguia to second
1-1: SINGLE (Flyball, 9LS)
Víctor Murguia to third
Runner from 3rd tries for Home, SAFE, no throw
Batting: SHB Gerrie Bond 0-0: SINGLE (Line Drive, 4MD)
Dejmi Dumervil to second
Batting: LHB Dave Watts 0-0: Swinging Strike
0-1: Ball
1-1: Swinging Strike
1-2: SINGLE (Line Drive, 34)
Dejmi Dumervil to third
Gerrie Bond to second
Runner from 3rd tries for Home, SAFE, no throw
Batting: RHB Mitsuhide Bando 0-0: Called Strike
0-1: Ball
1-1: Ball
2-1: Single, Error in OF, E7, batter to second base
Gerrie Bond scores
Dave Watts to third
Batting: LHB Michael Witt 0-0: Ball
1-0: Ground out U3 (Groundball, 3L)
Top of the 4th over - 3 runs, 5 hits, 1 error, 2 left on base; Lannister United 7 - Long Island 0
BOTTOM OF THE 4TH
Long Island Seawolves batting - Pitching for Lannister United Lionhearts : RHP Valentin Calhamar
Batting: RHB Taua Naituyaga 0-0: Called Strike
0-1: Ball
1-1: Called Strike
1-2: Ball
2-2: SINGLE (Groundball, 56D)
Batting: RHB John Shultz 0-0: Ball
1-0: Ball
2-0: Called Strike
2-1: Grounds into double play, 5-4-3 (Groundball, 56)
Batting: RHB John Mayasich 0-0: Ground out 5-3 (Groundball, 56)
Bottom of the 4th over - 0 runs, 1 hit, 0 errors, 0 left on base; Lannister United 7 - Long Island 0
TOP OF THE 5TH
Lannister United Lionhearts batting - Pitching for Long Island Seawolves : RHP Ramón Galván
Batting: RHB Mareka Naidoo 0-0: Ball
1-0: Swinging Strike
1-1: Swinging Strike
1-2: Fly out, F7 (Flyball, 78M)
Batting: RHB Gonzalo Vásquez 0-0: Ball
1-0: Ball
2-0: Swinging Strike
2-1: Swinging Strike
2-2: Strikes out swinging
Batting: SHB Miklos Elias 0-0: Ball
1-0: SINGLE (Groundball, 34D)
Batting: RHB Víctor Murguia 0-0: Called Strike
Miklos Elias steals 2nd base
0-1: Foul Ball, location: 2F
0-2: Foul Ball, location: 2F
0-2: SINGLE (Line Drive, 4M)
Miklos Elias to third
Runner from 3rd tries for Home, SAFE, no throw
Batting: RHB Dejmi Dumervil 0-0: Ball
1-0: DOUBLE (Flyball, 78D)
Víctor Murguia to third
Runner from 3rd tries for Home, SAFE, no throw
Batting: SHB Gerrie Bond 0-0: Called Strike
0-1: Fly out, F7 (Flyball, 7LMF)
Top of the 5th over - 2 runs, 3 hits, 0 errors, 1 left on base; Lannister United 9 - Long Island 0
BOTTOM OF THE 5TH
Long Island Seawolves batting - Pitching for Lannister United Lionhearts : RHP Valentin Calhamar
Batting: SHB Alexei Ponikarov 0-0: Ball
1-0: Ball
2-0: Foul Ball, location: 2F
2-1: Ball
3-1: Foul Ball, location: 2F
3-2: Strikes out looking
Batting: LHB Andrés Rodríguez 0-0: Called Strike
0-1: Ball
1-1: Ball
2-1: Ball
3-1: Called Strike
3-2: Base on Balls
Batting: RHB Wes O'Mulhill 0-0: Ball
1-0: Called Strike
1-1: Foul Ball, location: 2F
1-2: SINGLE (Line Drive, 6MD)
Andrés Rodríguez to second
Batting: RHB Shigeaki Samurakami 0-0: Called Strike
0-1: Foul Ball, location: 2F
0-2: Foul Ball, location: 2F
0-2: Ball
1-2: Ball
2-2: Ball
3-2: Base on Balls
Andrés Rodríguez to third
Wes O'Mulhill to second
Batting: LHB Rurik Elhov 0-0: Ball
1-0: Fly out, F7 (Flyball, 7)
Runner from 3rd tags up, SCORES, throw made
Batting: SHB Cheong-hun Kang 0-0: Fly out, F9 (Flyball, 9D)
Bottom of the 5th over - 1 run, 1 hit, 0 errors, 2 left on base; Lannister United 9 - Long Island 1
TOP OF THE 6TH
Lannister United Lionhearts batting - Pitching for Long Island Seawolves : RHP Ramón Galván
Batting: LHB Dave Watts 0-0: Called Strike
0-1: Ball
1-1: Foul Ball, location: 2F
1-2: Ball
2-2: Ball
3-2: Foul Ball, location: 2F
3-2: Base on Balls
Batting: RHB Mitsuhide Bando 0-0: DOUBLE (Line Drive, 3D)
Dave Watts to third
Runner from 3rd tries for Home, SAFE, no throw
Batting: LHB Michael Witt 0-0: Called Strike
0-1: Called Strike
0-2: Foul Ball, location: 2F
0-2: Fly out, F4 (Line Drive, 4)
Batting: RHB Mareka Naidoo 0-0: Called Strike
0-1: Ball
1-1: Foul Ball, location: 2F
1-2: Fly out, F7 (Flyball, 7)
Batting: RHB Gonzalo Vásquez 0-0: Called Strike
0-1: Foul Ball, location: 2F
0-2: Ball
1-2: Ball
2-2: Ball
3-2: Base on Balls
Batting: SHB Miklos Elias 0-0: Ball
1-0: Foul Ball, location: 2F
1-1: Called Strike
1-2: Ball
2-2: Strikes out looking
Top of the 6th over - 1 run, 1 hit, 0 errors, 2 left on base; Lannister United 10 - Long Island 1
BOTTOM OF THE 6TH
Long Island Seawolves batting - Pitching for Lannister United Lionhearts : RHP Valentin Calhamar
Batting: RHB Taua Naituyaga 0-0: Foul Ball, location: 2F
0-1: Ball
1-1: Ball
2-1: Called Strike
2-2: Ball
3-2: Ground out 5-3 (Groundball, 5)
Batting: RHB John Shultz 0-0: Fly out, F6 (Line Drive, 6)
Batting: RHB John Mayasich 0-0: Ball
1-0: Ball
2-0: Ball
3-0: Base on Balls
Batting: SHB Alexei Ponikarov 0-0: Hit by Pitch
John Mayasich to second
Batting: LHB Andrés Rodríguez 0-0: Ball
1-0: Called Strike
1-1: Fly out, F7 (Flyball, 7S)
Bottom of the 6th over - 0 runs, 0 hits, 0 errors, 2 left on base; Lannister United 10 - Long Island 1
TOP OF THE 7TH
Lannister United Lionhearts batting - Pitching for Long Island Seawolves : RHP Ramón Galván
Batting: RHB Víctor Murguia 0-0: Ball
1-0: Ball
2-0: Ball
3-0: Called Strike
3-1: Swinging Strike
3-2: Fly out, F8 (Flyball, 89S)
Batting: RHB Dejmi Dumervil 0-0: Ball
1-0: Ball
2-0: Swinging Strike
2-1: Ball
3-1: Base on Balls
Pitching: RHP Gregorio Garza
Batting: SHB Gerrie Bond 0-0: Called Strike
0-1: Ball
1-1: Ball
2-1: Foul Ball, location: 2F
2-2: Ball
3-2: Ground out 4-3 (Groundball, 34D)
Dejmi Dumervil to second
Batting: LHB Dave Watts 0-0: Ball
1-0: Called Strike
1-1: DOUBLE (Line Drive, 78M)
Dejmi Dumervil scores
Pinch Runner at 2nd Manny García:
Batting: RHB Mitsuhide Bando 0-0: Ball
Manny García steals 3rd base
1-0: Fly out, F8 (Flyball, 8RM)
Top of the 7th over - 1 run, 1 hit, 0 errors, 1 left on base; Lannister United 11 - Long Island 1
BOTTOM OF THE 7TH
Long Island Seawolves batting - Pitching for Lannister United Lionhearts : RHP Valentin Calhamar
Now in RF: Manny García
Batting: RHB Wes O'Mulhill 0-0: Called Strike
0-1: Ground out 6-3 (Groundball, 6)
Batting: RHB Shigeaki Samurakami 0-0: Called Strike
0-1: Ball
1-1: Ball
2-1: SINGLE (Line Drive, 8LS)
Batting: LHB Rurik Elhov Pickoff Throw to First - Out!
0-0: Ball
1-0: Ground out 6-3 (Groundball, 6)
Bottom of the 7th over - 0 runs, 1 hit, 0 errors, 0 left on base; Lannister United 11 - Long Island 1
TOP OF THE 8TH
Lannister United Lionhearts batting - Pitching for Long Island Seawolves : RHP Gregorio Garza
Batting: LHB Michael Witt 0-0: Ball
1-0: TRIPLE (Line Drive, 7LD)
Batting: RHB Mareka Naidoo 0-0: Called Strike
0-1: Ball
1-1: Ball
2-1: Foul Ball, location: 2F
2-2: Fly out, F2 (Popup, 23F)
Batting: RHB Gonzalo Vásquez 0-0: Foul Ball, location: 2F
0-1: Ball
1-1: Ball
2-1: Called Strike
2-2: Ground out 5-3 (Groundball, 5)
Pinch Hitting: RHB Craig Greene 0-0: Ball
1-0: Foul Ball, location: 2F
1-1: Swinging Strike
1-2: Strikes out swinging
Top of the 8th over - 0 runs, 1 hit, 0 errors, 1 left on base; Lannister United 11 - Long Island 1
BOTTOM OF THE 8TH
Long Island Seawolves batting - Pitching for Lannister United Lionhearts : RHP Valentin Calhamar
Now at 2B: Craig Greene
Batting: SHB Cheong-hun Kang 0-0: Ball
1-0: Ball
2-0: Ground out 4-3 (Groundball, 4)
Batting: RHB Taua Naituyaga 0-0: Called Strike
0-1: Ball
1-1: Foul Ball, location: 2F
1-2: Ball
2-2: Fly out, F9 (Flyball, 9)
Batting: RHB John Shultz 0-0: Ball
1-0: Ball
2-0: Fly out, F8 (Flyball, 8LD)
Bottom of the 8th over - 0 runs, 0 hits, 0 errors, 0 left on base; Lannister United 11 - Long Island 1
TOP OF THE 9TH
Lannister United Lionhearts batting - Pitching for Long Island Seawolves : RHP Gregorio Garza
Batting: RHB Víctor Murguia 0-0: Ball
1-0: Called Strike
1-1: Ball
2-1: Ground out 4-3 (Groundball, 4)
Batting: RHB Dejmi Dumervil 0-0: Called Strike
0-1: Fly out, F8 (Flyball, 78M)
Batting: SHB Gerrie Bond 0-0: Ball
1-0: Foul Ball, location: 2F
1-1: Swinging Strike
1-2: Strikes out looking
Top of the 9th over - 0 runs, 0 hits, 0 errors, 0 left on base; Lannister United 11 - Long Island 1
BOTTOM OF THE 9TH
Long Island Seawolves batting - Pitching for Lannister United Lionhearts : RHP Valentin Calhamar
Pitching: RHP Kliment Spirk
Batting: RHB John Mayasich 0-0: Foul Ball, location: 2F
0-1: Ball
1-1: Ball
2-1: Fly out, F6 (Line Drive, 6)
Batting: SHB Alexei Ponikarov 0-0: Swinging Strike
0-1: Ball
1-1: Foul Ball, location: 2F
1-2: Strikes out swinging
Batting: LHB Andrés Rodríguez 0-0: Called Strike
0-1: Called Strike
0-2: Ball
1-2: Hit by Pitch
Batting: RHB Wes O'Mulhill 0-0: Foul Ball, location: 2F
0-1: Fly out, F5 (Popup, 5L)
Bottom of the 9th over - 0 runs, 0 hits, 0 errors, 1 left on base; Lannister United 11 - Long Island 1
Friday, March 29th, 2019 - OOTP Baseball 18.8 Build 76